Map: Glittering Ashes LE

Players

SpeCial - Winner!

  • Race: Terran Terran
  • League: Master

Lambo

  • Race: Zerg Zerg

Event: DreamHack SC2 Masters Last Chance 2022

VOD

Have the link to the VOD?

Description

Time

  • Played on: Dec. 19, 2021, 8:57 p.m.
  • Length: 8:15

All games in this series

Show
View Real Time Build Order
Export as new Build Order

SpeCial Terran - Winner!

Build Orders: Liberator Opening 

Get SALT Encoding   

  12  0:00  SCV  
  13  0:12  SCV  
  14  0:17  Supply Depot  
  14  0:24  SCV  
  15  0:39  SCV, Barracks  
  16  0:43  Refinery  
  16  0:51  SCV  
  17  1:03  SCV  
  18  1:15  SCV  
  19  1:27  Orbital Command  
  19  1:34  Command Center  
  19  1:38  Marine  
  20  1:49  Factory  
  20  1:53  SCV  
  21  2:03  Barracks Reactor  
  21  2:05  SCV  
  22  2:09  Supply Depot  
  22  2:13  Refinery  
  22  2:17  SCV  
  23  2:30  SCV  
  24  2:38  Starport  
  24  2:42  Hellion  
  24  2:43  Hellion, SCV  
  29  2:47  Orbital Command  
  29  2:48  Marine  
  30  2:55  SCV  
  31  3:04  Hellion x2  
  35  3:07  Marine  
  35  3:09  SCV  
  37  3:13  SCV  
  37  3:15  Medivac  
  40  3:20  Supply Depot  
  40  3:25  Widow Mine  
  42  3:27  Widow Mine  
  42  3:28  Barracks Tech Lab  
  42  3:31  SCV x2  
  46  3:43  SCV  
  46  3:44  SCV  
  46  3:45  Supply Depot  
  48  3:50  Liberator  
  48  3:53  Marine  
  52  3:56  SCV x2  
  52  3:58  Stimpack  
  54  4:08  Command Center  
  54  4:09  SCV  
  55  4:12  SCV  
  56  4:18  Supply Depot  
  56  4:21  SCV  
  57  4:24  SCV  
  57  4:25  Marine  
  59  4:34  SCV  
  59  4:36  Factory Reactor  
  59  4:37  Starport Reactor  
  60  4:40  Barracks  
  60  4:41  SCV, Barracks  
  60  4:42  Marine  
  62  4:46  SCV  
  62  4:52  Supply Depot  
  63  4:53  SCV  
  63  4:58  SCV  
  65  5:00  Marine  
  65  5:05  SCV, Engineering Bay  
  67  5:08  Engineering Bay  
  67  5:10  SCV  
  66  5:17  SCV  
  66  5:18  Marine  
  62  5:22  SCV  
  62  5:24  Refinery, Orbital Command  
  62  5:25  Refinery  
  62  5:28  Factory Reactor  
  63  5:29  SCV  
  63  5:31  Marine x2  
  63  5:34  SCV  
  63  5:35  Medivac x2  
  71  5:36  Marine  
  71  5:41  SCV  
  73  5:44  Marine x2  
  73  5:45  Combat Shield  
  73  5:47  SCV, Orbital Command  
  73  5:49  Supply Depot, Marine x2  
  76  5:53  SCV  
  76  5:54  Marine  
  76  5:55  Orbital Command  
  78  5:57  Supply Depot  
  78  5:59  SCV  
  78  6:00  Terran Infantry Weapons Level 1  
  78  6:02  Marine x2  
  81  6:05  SCV  
  81  6:06  Marine x2  
  81  6:08  Terran Infantry Armor Level 1  
  84  6:11  Marine  
  84  6:15  Supply Depot, SCV  
  84  6:18  SCV  
  87  6:22  Barracks  
  87  6:23  SCV, Barracks  
  87  6:24  Supply Depot, Marine x2  
  90  6:26  Marine  
  90  6:27  SCV  
  90  6:28  Marine  
  90  6:29  Marine  
  90  6:30  SCV  
  95  6:35  Widow Mine x2  
  95  6:37  Medivac  
  95  6:38  Medivac  
  103  6:42  SCV x2, Marine x2  
  103  6:45  SCV  
  103  6:46  Refinery  
  108  6:47  Supply Depot, Factory  
  108  6:48  Marine x3  
  110  7:00  Marine  
  109  7:02  Marine  
  109  7:05  SCV x3  
  109  7:06  Marine x2  
  113  7:09  Widow Mine  
  113  7:10  Liberator, Widow Mine, Supply Depot  
  113  7:11  Liberator  
  113  7:13  Supply Depot  
  123  7:17  SCV x3  
  123  7:18  Armory  
  123  7:19  Barracks Reactor x2  
  126  7:24  Marine  
  126  7:27  Marine  
  126  7:28  Marine  
  126  7:29  SCV  
  128  7:31  SCV x2, Marine  
  128  7:32  Marine  
  128  7:34  Factory Tech Lab  
  132  7:37  Supply Depot  
  132  7:41  Supply Depot, Marine  
  133  7:45  Marine x2  
  133  7:49  Command Center, Marine x2  
  139  7:51  Widow Mine  
  139  7:53  Widow Mine  
Show
View Real Time Build Order
Export as new Build Order

Lambo Zerg 

Build Orders: Hatch First 

Get SALT Encoding   

  12  0:00  Drone  
  13  0:12  Overlord  
  13  0:17  Drone  
  14  0:30  Drone x2  
  16  0:47  Hatchery  
  15  0:50  Drone  
  15  0:54  Drone  
  17  0:57  Drone  
  18  1:09  Extractor  
  17  1:13  Spawning Pool  
  17  1:16  Drone  
  17  1:19  Drone  
  18  1:27  Drone  
  19  1:39  Drone  
  20  1:51  Overlord  
  20  2:00  Zergling x4, Queen x2  
  26  2:11  Drone x2  
  26  2:12  Metabolic Boost  
  28  2:22  Drone x2  
  30  2:34  Hatchery  
  30  2:36  Drone  
  30  2:44  Drone  
  31  2:46  Queen  
  33  2:52  Overlord  
  33  2:55  Drone  
  33  2:56  Drone  
  35  3:01  Pneumatized Carapace  
  35  3:03  Drone  
  36  3:14  Drone x4  
  36  3:16  Overlord  
  36  3:19  Drone  
  41  3:23  Drone  
  41  3:25  Queen  
  44  3:40  Zergling x6  
  47  3:44  Queen  
  47  3:45  Overlord  
  47  3:46  Queen  
  51  3:49  Drone  
  51  3:55  Overlord  
  52  3:56  Drone  
  52  3:57  Drone x2  
  52  4:00  Drone x2  
  52  4:02  Overlord  
  57  4:08  Drone x2  
  57  4:09  Drone x2  
  61  4:17  Spore Crawler  
  61  4:22  Drone x6  
  66  4:24  Drone  
  66  4:29  Evolution Chamber, Extractor  
  62  4:32  Drone  
  62  4:36  Drone x3  
  62  4:37  Drone  
  62  4:38  Drone  
  69  4:43  Extractor  
  69  4:44  Lair  
  68  4:47  Drone x2  
  68  4:49  Overlord  
  68  4:50  Drone  
  71  4:53  Drone x2  
  71  4:59  Zergling x2  
  74  5:00  Zergling x2  
  74  5:04  Queen  
  74  5:05  Queen  
  77  5:10  Extractor  
  77  5:13  Drone x3  
  74  5:16  Drone  
  74  5:21  Drone  
  72  5:23  Drone  
  72  5:24  Drone  
  72  5:28  Drone x2  
  76  5:30  Drone  
  77  5:36  Drone x5  
  77  5:40  Baneling Nest  
  73  5:43  Drone x2  
  73  5:45  Drone  
  73  5:46  Drone  
  73  5:47  Drone x2  
  73  5:48  Drone x3  
  80  5:51  Drone x2  
  80  5:52  Drone  
  80  5:54  Drone  
  84  5:58  Extractor  
  84  6:00  Drone  
  84  6:12  Drone x4, Hatchery  
  84  6:14  Evolution Chamber, Overlord  
  84  6:15  Evolution Chamber  
  84  6:17  Overlord  
  85  6:19  Drone  
  85  6:20  Spore Crawler  
  85  6:21  Zergling x4  
  85  6:25  Zergling x6  
  90  6:30  Overlord  
  90  6:32  Drone x3, Overlord  
  93  6:35  Centrifugal Hooks  
  93  6:39  Baneling  
  93  6:40  Baneling x7  
  93  6:50  Zergling x8  
  97  6:55  Zergling x10  
  97  6:57  Zergling x4  
  100  7:03  Drone x2  
  100  7:07  Drone x2  
  102  7:18  Drone x10  
  110  7:26  Zergling x6  
  111  7:34  Hatchery  
  111  7:35  Zergling x8  
  114  7:39  Zergling x10  
  114  7:40  Zergling x2  
  120  7:46  Overlord x2  
  120  7:48  Overseer  
  120  7:51  Overlord  
  119  7:53  Spore Crawler  
  119  7:55  Overlord  

Tags
 
Add a new tag
Caveats
  • Supply blocks, unpowered buildings, or Contaminate may cause inaccurate times.
  • Supply counts are checked every 10 seconds.